 Dungeon Crawl Stone Soup version 0.31-a0-265-gcf7e37af1d (webtiles) character file.

Game seed: 5100676010549341781

139 qw the Shooter (level 5, -1/30 HPs)
             Began as a Gargoyle Hexslinger on July 13, 2023.
             Slain by an orc wizard
             ... wielding a +0 dagger
              (2 damage)
             ... on level 3 of the Dungeon.
             The game lasted 00:00:53 (1944 turns).

qw the Shooter (Gargoyle Hexslinger)                Turns: 1944, Time: 00:00:53

Health: -1/30      AC: 10    Str: 11    XL:     5   Next: 22%
Magic:  6/6        EV: 10    Int: 14    God:
Gold:   23         SH:  0    Dex: 14    Spells: 5/6 levels left

rFire   . . .        Y - +1 sling
rCold   . . .        (no shield)
rNeg    + . .        e - +0 ring mail
rPois   inf          (no helmet)
rElec   +            (no cloak)
rCorr   .            (no gloves)
SInv    .            h - +0 pair of boots
Will    .....        (no amulet)
Stlth   +            (no ring)
HPRegen 0.25/turn    (no ring)
MPRegen 0.10/turn

%: no passive effects
@: no status effects
A: sickness immunity, AC +4, negative energy resistance 1, electricity
resistance, torment resistance 1, petrification resistance
a: no special abilities


You were on level 3 of the Dungeon.
You visited 1 branch of the dungeon, and saw 3 of its levels.

You collected 51 gold pieces.
You spent 28 gold pieces at shops.


Innate Abilities, Weirdness & Mutations

You are immune to sickness and miasma.
Your stone body is resilient. (AC +4)
You are immune to poison.
You resist negative energy. (rN+)
You are resistant to electric shocks. (rElec)
You are resistant to unholy torment.
You are immune to petrification.


   Skills:
 - Level 2.0 Fighting
 + Level 4.8 Ranged Weapons
 - Level 1.0 Armour
 - Level 1.5 Dodging
 - Level 1.0 Spellcasting
 - Level 2.6 Hexes


You had 5 spell levels left.
You knew the following spells:

 Your Spells              Type           Power      Damage    Failure   Level
a - Slow                  Hex            32%        N/A       21%         1

Your spell library contained the following spells:

 Spells                   Type           Power      Damage    Failure   Level
 Inner Flame              Hex/Fire       4%         N/A       71%         3
 Portal Projectile        Hex/Tloc       8%         N/A       71%         3
 Cause Fear               Hex            4%         N/A       90%         4

Inventory:

Hand Weapons
 Y - a +1 sling (weapon)
Armour
 e - a +0 ring mail (worn)
 h - a +0 pair of boots (worn)
Scrolls
 a - a scroll of identify {unknown}
Potions
 b - a potion of might {unknown}
 d - a potion of magic {unknown}
 f - a potion of curing {unknown}
 g - a potion of berserk rage {unknown}

Dungeon Overview and Level Annotations

Branches:
Dungeon (3/15)

Altars:
Vehumet

Shops:
D:2 [


Message History

Something hits you but does no damage.
You shoot a sling bullet.
The sling bullet hits the orc but does no damage.
The orc is lightly wounded.
The orc priest begins to cast a cantrip, but forgets the words!
The orc barely misses you. Something hits you but does no damage.
You shoot a sling bullet. The sling bullet hits the orc.
The orc is almost dead.
The orc hits you but does no damage. Something hits you but does no damage.
You shoot a sling bullet. The sling bullet hits the orc.
You kill the orc!
The orc priest hits you but does no damage.
Something hits you but does no damage. x2
The orc priest mumbles some strange prayers to Beogh against you.
You barely resist. You shoot a sling bullet.
The sling bullet barely misses the orc priest.
The orc priest invokes the aid of Beogh against you.
You barely resist. Something hits you but does no damage.
You shoot a sling bullet. The sling bullet hits the orc priest.
The orc priest is heavily wounded.
The orc priest hits you with a +0 dagger.
Something hits you but does no damage.
The orc priest hits you but does no damage.
Something hits you but does no damage.
You shoot a sling bullet.
The sling bullet barely misses the orc priest.
The orc priest mumbles some strange prayers to Beogh against you.
Beogh smites you!
Ouch! That really hurt!
Something hits you but does no damage.
You shoot a sling bullet.
The sling bullet closely misses the orc priest.
The orc priest hits you with a +0 dagger.
Something hits you.
You shoot a sling bullet.
The sling bullet closely misses the orc priest.
The orc priest barely misses you. Something hits you but does no damage.
Something hits you.
You die...

#..#.....#..#...#.)..#.#
#######.....####.#.#....#.#
...#..#.....#.?#...#....#.####.#
####..%.....'..#..##.......(....
...####'###'####..##.#........##
...# #..#..#........#........#
...# #..#..#...<#####........#
...# ####### #......#........#
...# #)@###..........# ...#
#.o{o###........# ...# #..#B#
#........# ..##
##....##........# ..# ###
..#........ ### #.)######## #...
... #####


You could see an orc priest, an orc and a giant cockroach.

Vanquished Creatures
  A human skeleton (D:3)
  7 adders
  3 dart slugs
  2 orcs (D:3)
  5 ball pythons
  5 endoplasms
  4 giant cockroaches
  4 goblins
  4 hobgoblins
  2 kobolds
  2 quokkas
  A bat (D:1)
  2 rats (D:1)
42 creatures vanquished.

Notes
Turn   | Place    | Note
-------+----------+-------------------------------------------
     0 | D:1      | qw the Gargoyle Hexslinger began the quest for the Orb.
     0 | D:1      | Reached XP level 1. HP: 12/12 MP: 2/2
     0 | D:1      | 0 ||| qw: Version: 0.3-a-52-g30416fa
     0 | D:1      | 0 ||| qw: Game counter: 7650
     0 | D:1      | 0 ||| qw: Melee chars always use a shield: true
     0 | D:1      | 0 ||| qw: God list: Okawaru
     0 | D:1      | 0 ||| qw: Allow faded altars: false
     0 | D:1      | 0 ||| qw: Do Orc after clearing Dungeon:15 true
     0 | D:1      | 0 ||| qw: Do second Lair branch before Depths: true
     0 | D:1      | 0 ||| qw: Lair rune preference: random
     0 | D:1      | 0 ||| qw: Goals: Normal
     0 | D:1      | 0 ||| PLANNING D:1-11
   218 | D:1      | Reached XP level 2. HP: 16/16 MP: 3/3
   291 | D:1      | HP: 3/16 [ball python (2)]
   760 | D:1      | 760 ||| UPGRADING to +0 pair of boots.
   765 | D:1      | 765 ||| READING 3 scrolls labelled URYCUUWION.
   766 | D:1      | 766 ||| DROPPING 2 scrolls of revelation.
   767 | D:1      | 767 ||| DROPPING scroll of poison.
   835 | D:2      | Found Nehiss's Armour Shop.
   844 | D:2      | 844 ||| SHOPLISTING +0 helmet of see invisible (161 gold,
                  | have 28).
   844 | D:2      | 844 ||| BUYING +0 leather armour (28 gold).
   844 | D:2      | Bought a +0 leather armour for 28 gold pieces
   844 | D:2      | 844 ||| SHOPLISTING +1 pair of boots "Royd" {Will+ Str+8
                  | Int-5} (397 gold, have 0).
   870 | D:2      | Reached skill level 3 in Ranged Weapons
   921 | D:2      | Reached XP level 3. HP: 21/21 MP: 4/4
  1100 | D:2      | Identified the +11 rapier of the Kidney {drain, rCorr MP+9
                  | Str+2 Int-4}
  1190 | D:2      | Found a radiant altar of Vehumet.
  1494 | D:2      | 1494 ||| UPGRADING to +0 leather armour.
  1504 | D:2      | 1504 ||| DROPPING scarf of invisibility.
  1505 | D:2      | 1505 ||| DROPPING +0 robe.
  1506 | D:2      | 1506 ||| UPGRADING to +0 ring mail.
  1516 | D:2      | 1516 ||| DROPPING +0 leather armour.
  1517 | D:2      | 1517 ||| READING scroll labelled EPHESO GUORA.
  1559 | D:3      | Reached skill level 1 in Armour
  1559 | D:3      | Reached XP level 4. HP: 26/26 MP: 5/5
  1750 | D:3      | 1750 ||| FLEEEEING.
  1751 | D:3      | 1751 ||| FLEEEEING.
  1789 | D:3      | Reached skill level 4 in Ranged Weapons
  1902 | D:3      | Reached XP level 5. HP: 30/30 MP: 6/6
  1942 | D:3      | HP: 6/30 [orc priest/divine providence (15)]
  1943 | D:3      | HP: 1/30 [something (3)]
  1944 | D:3      | Slain by an orc wizard

Levels and vault maps discovered:
D:1:      saegor_arrival_fortress, layout_basic, serial_bayou_lake_a
D:2:      layout_basic, serial_shops, shop, basic_altar
D:3:      layout_basic, dk_yredelemnul_ordeal, minmay_snake_closets

Skill      XL: |  1  2  3  4 |
---------------+-------------+-----
Ranged Weapons | 3 4 |  4.8
Fighting       | 2 |  2.0
Armour         | 1 |  1.0
Dodging        | |  1.5
Spellcasting   | |  1.0
Hexes          | |  2.6

Action                     |  1- 3 |  4- 6 || total
---------------------------+-------+-------++-------
   Fire: Sling             |   115 |   103 ||   218
    Use: Scroll            |     2 |       ||     2
 Armour: Robe              |    27 |       ||    27
         Ring mail         |     6 |    59 ||    65
  Dodge: Dodged            |    42 |    46 ||    88

Table legend:
 A = Non-vault XP
 B = Vault XP
 C = Vault XP percentage of total XP
 D = Non-vault monster count
 E = Vault monster count
 F = Vault count percentage of total count
                 A         B        C        D         E       F
            +---------+---------+-------+---------+---------+-------
      Total |     118 |      81 |  40.7 |      35 |       7 |  16.7
            +---------+---------+-------+---------+---------+-------
        D:1 |      15 |       0 |   0.0 |       9 |       0 |   0.0
        D:2 |      54 |       0 |   0.0 |      15 |       0 |   0.0
        D:3 |      49 |      81 |  62.3 |      11 |       7 |  38.9
            +---------+---------+-------+---------+---------+-------
